 Dungeon Crawl Stone Soup version 0.24-a0-368-g0e0cebd0f3 (webtiles) character file.

Game seed: 1305323972864581058

477332 JellyEater the Scorcher (level 24, -2/152 HPs)
             Began as a Gargoyle Earth Elementalist on May 29, 2019.
             Was the Champion of Vehumet.
             Killed from afar by a storm dragon (9 damage)
             ... with a bolt of lightning
             ... on level 5 of the Vaults.
             The game lasted 04:20:42 (59598 turns).

JellyEater the Scorcher (GrEE)                     Turns: 59598, Time: 04:20:42

Health: -2/152     AC: 42    Str: 14      XL:     24   Next: 79%
Magic:  39/42      EV: 18    Int: 32      God:    Vehumet [******]
Gold:   2501       SH:  7    Dex: 12 (13) Spells: 8/54 levels left

rFire    + . .     SeeInvis +   R - +9 eveningstar (protect)
rCold    + . .     Gourm    +   N - +3 buckler {AC+3}
rNeg     + . .     Faith    .   F - +4 troll leather armour {Snorg}
rPois    ∞         Spirit   .   P - +2 helmet {Int+3}
rElec    +         Reflect  .   l - scarf {rC+ rF+}
rCorr    .         Harm     .   Q - +2 pair of gloves {Dex+3}
MR       .....     Clarity  +   n - +2 pair of boots
Stlth    ++........             L - amulet of the gourmand
HPRegen  0.75/turn              f - ring of see invisible
MPRegen  0.28/turn              j - ring of wizardry

@: brilliant, vulnerable, flying, hasted, lightly drained, very quick
A: big wings, fangs 1, talons 1, slimy green scales 1, blurry vision 1, clarity,
deterioration 1, dopey 1, negative energy resistance 1, electricity resistance,
wild magic 1, unbreathing, petrification resistance, rot immunity, AC +18
}: 2/15 runes: barnacled, gossamer
a: Stop Flying, Renounce Religion


You were on level 5 of the Vaults.
You worshipped Vehumet.
Vehumet was exalted by your worship.
You were not hungry.

You visited 8 branches of the dungeon, and saw 40 of its levels.
You visited the Abyss 1 time.
You visited 1 bazaar.
You also visited: Trove, Gauntlet and Ice Cave.

You collected 6020 gold pieces.
You spent 3519 gold pieces at shops.

Inventory:

Hand Weapons
 s - the +7 great mace "Firestarter" {inner flame, rF++}
   (You took it off a deep elf sorcerer on level 3 of the Elven Halls)

   It has been specially enchanted to burn those struck by it, causing extra
   injury to most foes and up to half again as much damage against particularly
   susceptible opponents.
   It greatly protects you from fire.
 R - a +9 eveningstar of protection (weapon)
Missiles
 r - 1021 stones (quivered)
 K - 67 silver javelins
 M - 8 throwing nets
Armour
 l - a scarf of resistance (worn)
 n - a +2 pair of boots (worn)
 F - a +4 troll leather armour (worn) {Snorg}
 N - a +3 buckler of protection (worn)
 P - a +2 helmet of intelligence (worn)
 Q - a +2 pair of gloves of dexterity (worn)
Jewellery
 f - a ring of see invisible (left hand)
 j - a ring of wizardry (right hand)
 I - an uncursed ring of resist corrosion
 L - an amulet of the gourmand (around neck)
Wands
 c - a wand of digging (5)
 e - a wand of paralysis (30)
 t - a wand of enslavement (58)
 w - a wand of iceblast (27)
 G - a wand of disintegration (9)
 H - a wand of acid (22)
Scrolls
 a - a scroll of holy word
 g - 3 scrolls of blinking
 i - 12 scrolls of teleportation
 m - 18 scrolls of remove curse
 o - 7 scrolls of fog
 C - 3 scrolls of amnesia
 S - 2 scrolls of summoning
 U - a scroll of magic mapping
 X - 13 scrolls of identify
Potions
 b - a potion of brilliance
 h - a potion of might
 k - 13 potions of heal wounds
 u - 5 potions of invisibility
 x - 8 potions of agility
 z - 11 potions of mutation
 A - 4 potions of magic
 B - 3 potions of haste
 O - 5 potions of cancellation
 V - 3 potions of berserk rage
 W - 14 potions of curing
 Y - 2 potions of ambrosia
 Z - 2 potions of resistance
Miscellaneous
 D - 2 phantom mirrors
 E - 3 sacks of spiders
 T - 4 boxes of beasts
Comestibles
 d - 57 rations


   Skills:
 + Level 15.8(15.2) Fighting
 - Level 14.0(13.4) Maces & Flails
 - Level 7.0(6.5) Armour
 + Level 12.7(12.2) Dodging
 - Level 2.1(1.8) Stealth
 - Level 4.0(3.5) Shields
 + Level 15.5(14.9) Spellcasting
 - Level 16.0(15.4) Conjurations
 - Level 0.7(0.3) Transmutations
 * Level 20.0(19.3) Fire Magic
 + Level 17.9(17.3) Earth Magic
 - Level 6.0(5.5) Evocations


You had 8 spell levels left.
You knew the following spells:

 Your Spells              Type           Power        Failure   Level  Hunger
a - Shatter               Erth           ########..   24%         9    #######
b - Stone Arrow           Conj/Erth      ######       1%          3    None
c - Lee's Rapid Deconstr  Erth           ########..   1%          5    None
d - Iron Shot             Conj/Erth      ########..   1%          6    ###....
e - Irradiate             Conj/Tmut      #######...   1%          5    None
f - Bolt of Fire          Conj/Fire      ########..   1%          6    ###....
g - Ignition              Fire           ########..   1%          8    ######.
h - Mephitic Cloud        Conj/Pois/Air  #######.     1%          3    None
i - Apportation           Tloc           ######       1%          1    None

Your spell library contained the following spells:

 Spells                   Type           Power        Failure   Level  Hunger
 Fire Storm               Conj/Fire      ########..   22%         9    #######
 Glaciate                 Conj/Ice       #######...   99%         9    #######
 Animate Skeleton         Necr           N/A          1%          1    None
 Beastly Appendage        Tmut           ######       1%          1    None
 Confusing Touch          Hex            ######       1%          1    None
 Corona                   Hex            ######.      1%          1    None
 Freeze                   Ice            ####         1%          1    None
 Infusion                 Chrm           ####         1%          1    None
 Magic Dart               Conj           ####         1%          1    None
 Sandblast                Erth           ######       1%          1    None
 Shock                    Conj/Air       ####         1%          1    None
 Sting                    Conj/Pois      ####         1%          1    None
 Summon Butterflies       Summ           ######..     1%          1    None
 Summon Small Mammal      Summ           ####         1%          1    None
 Blink                    Tloc           N/A          1%          2    None
 Call Imp                 Summ           ######..     1%          2    None
 Corpse Rot               Necr           N/A          1%          2    None
 Ensorcelled Hibernation  Hex/Ice        ######       1%          2    None
 Passwall                 Tmut/Erth      #######.     1%          2    None
 Poisonous Vapours        Pois/Air       ######       1%          2    None
 Shroud of Golubria       Chrm/Tloc      ######....   1%          2    None
 Slow                     Hex            ######..     1%          2    None
 Song of Slaying          Chrm           ######..     1%          2    None
 Sticks to Snakes         Tmut           ######..     1%          2    None
 Throw Frost              Conj/Ice       ######       1%          2    None
 Call Canine Familiar     Summ           ######..     1%          3    None
 Conjure Flame            Conj/Fire      ########     1%          3    None
 Ignite Poison            Fire/Tmut/Pois #######.     1%          3    None
 Lesser Beckoning         Tloc           ######....   1%          3    None
 Ozocubu's Armour         Chrm/Ice       ######..     1%          3    None
 Portal Projectile        Hex/Tloc       ######       1%          3    None
 Regeneration             Chrm/Necr      ######....   1%          3    None
 Spectral Weapon          Hex/Chrm       ######..     1%          3    None
 Spider Form              Tmut/Pois      ######....   1%          3    None
 Tukima's Dance           Hex            ######..     1%          3    None
 Leda's Liquefaction      Hex/Erth       #######...   1%          4    None
 Petrify                  Tmut/Erth      #######.     1%          4    None
 Throw Icicle             Conj/Ice       #######.     1%          4    None
 Borgnjor's Vile Clutch   Necr/Erth      #######...   1%          5    None
 Fireball                 Conj/Fire      ########..   1%          5    None
 Lightning Bolt           Conj/Air       #######...   1%          5    None
 Venom Bolt               Conj/Pois      #######...   1%          5    None
 Bolt of Cold             Conj/Ice       #######...   2%          6    ###....
 Conjure Ball Lightning   Conj/Air       #######...   2%          6    ###....
 Ice Form                 Ice/Tmut       ######..     3%          4    None
 Olgreb's Toxic Radiance  Pois           ######..     4%          4    None
 Summon Ice Beast         Ice/Summ       ######..     4%          4    None
 Summon Lightning Spire   Summ/Air       ######..     4%          4    None
 Ring of Flames           Chrm/Fire      #######...   6%          7    #####..
 Freezing Cloud           Conj/Ice/Air   #######...   7%          6    ###....
 Alistair's Intoxication  Tmut/Pois      ######..     9%          5    None
 Blade Hands              Tmut           ######....   9%          5    None
 Yara's Violent Unravell  Hex/Tmut       ######....   9%          5    None
 Aura of Abjuration       Summ           ######....   10%         5    None
 Metabolic Englaciation   Hex/Ice        ######....   10%         5    None
 Silence                  Hex/Air        ######....   10%         5    None
 Summon Forest            Summ/Tloc      ######....   10%         5    None
 Hydra Form               Tmut           ######....   34%         6    ###....
 Darkness                 Hex            ######....   38%         6    ###....
 Deflect Missiles         Chrm/Air       ######....   38%         6    ###....
 Invisibility             Hex            ######..     38%         6    ###....
 Ozocubu's Refrigeration  Ice            ######....   38%         6    ###....
 Shadow Creatures         Summ           N/A          38%         6    ###....
 Simulacrum               Ice/Necr       ######....   38%         6    ###....
 Summon Hydra             Summ           ######....   86%         7    #####..
 Tornado                  Air            ######....   100%        9    #######


Dungeon Overview and Level Annotations

Branches:
Dungeon (15/15)            Temple (1/1) D:4            Lair (6/6) D:11
 Shoals (4/4) Lair:2       Spider (4/4) Lair:4        Slime (0/5) Lair:5
    Orc (2/2) D:9             Elf (3/3) Orc:2        Vaults (5/5) D:14
  Crypt (0/3) Vaults:2     Depths (0/5) D:15

Altars:
Ashenzari
Cheibriados
Dithmenos
Elyvilon
Fedhas
Gozag
Hepliaklqana
Kikubaaqudgha
Makhleb
Nemelex Xobeh
Okawaru
Qazlal
Ru
Sif Muna
Trog
Uskayaw
Vehumet
Wu Jian
Xom
Yredelemnul
Zin
The Shining One
Beogh
Jiyva
Lugonu

Shops:
D:12 !   Orc:2 *:!*   Elf:1 *   Elf:2 *   Shoals:1 [   Shoals:3 *   Vaults:2 }
Vaults:4 (

Annotations:
Elf:2 8 runed translucent doors, Aprye's ghost, adept HOFi; Qiq Oki's ghost, veteran GrFi; Xucib's ghost, veteran GrFi


Innate Abilities, Weirdness & Mutations

You are resistant to torment.
Your stone body is resilient. (AC +18)
You are immune to poison.
Your large and strong wings let you fly indefinitely.
You resist negative energy. (rN+)
You are resistant to electric shocks. (rElec)
You can survive without breathing.
You are immune to petrification.
You are immune to rotting.
You have very sharp teeth.
You have sharp toenails.
You are partially covered in slimy green scales. (AC +2)
Scrolls take you a little longer to read.
You possess an exceptional clarity of mind.
Your body sometimes deteriorates upon taking damage.
You are dopey. (Int -2)
Your spells are a little harder to cast, but a little more powerful.


Message History

The deep elf knight is almost dead.
The shadow dragon breathes negative energy at you.
The bolt of negative energy misses you.
A great orb of eyes comes into view.
The storm dragon bites you.
* * * LOW HITPOINT WARNING * * *
The storm dragon misses you. The storm dragon closely misses you.
A deep elf mage comes into view. It is wielding a +0 long sword.
Unknown command.
Unknown command.
The storm dragon barely misses you. You block the storm dragon's attack.
The storm dragon tramples you but does no damage.
The deep elf death mage gestures at you while chanting.
The bolt of negative energy hits you!! You partially resist.
You feel drained.
* * * LOW HITPOINT WARNING * * *
The small abomination completely misses you.
The deep elf archer blinks!
The storm dragon breathes lightning at you.
The bolt of lightning hits you! You resist.
You die...

.$$X)).......e.
[e./G).)....#..
.)De#.)!...H...
)x()....[[.....
....e.÷[[[[....
.....)DH(......
..X..[)÷D<[[...
.)o..[x@D.<.[§.
.....[.o<<$[...
......)...."...
e......[[[D....
........[[.....
...))p.e)[.....
#...)..........
...))..)..[...)


You could see a shadow dragon, 3 storm dragons, an ice dragon, 2 sphinxes, a
vault guard, an orc knight, a deep elf annihilator, 2 deep elf death magi, a
great orb of eyes, a deep elf archer, a deep elf knight, 2 large abominations, a
deep elf mage, a ghostly orc warrior and 2 small abominations.

Vanquished Creatures
  Mara (Vaults:4)
  An ancient lich (Vaults:5)
  Margery (Vaults:4)
  The ghost of JellyEater the Scorcher, an adept GrEE of Vehumet (Vaults:1)
  2 liches
  Arachne (Spider:3)
  4 tentacled monstrosities
  The ghost of Titud the Ninja, an adept SpEn of Wu Jian (Elf:3)
  3 deep elf blademasters (Elf:3)
  3 deep elf master archers (Elf:3)
  An ancient champion (Vaults:2)
  A tentacled starspawn (Abyss:2)
  Gastronok (D:8)
  A storm dragon (Vaults:5)
  4 tengu reavers
  A revenant (Vaults:2)
  Ilsuiw (Shoals:4)
  Donald (Vaults:4)
  The ghost of Datufiju the Champion of Chaos, a journeyman DDFi of Makhleb (Shoals:3)
  A draconian knight (Abyss:2)
  3 fire giants
  5 emperor scorpions
  An iron dragon (Vaults:5)
  2 orc warlords (Orc:2)
  6 ghost moths (Spider:4)
  2 frost giants
  5 deep elf sorcerers
  Louise (Shoals:2)
  Aizul (Spider:2)
  22 vault wardens
  4 cacodemons
  6 deep elf elementalists (Elf:3)
  20 ironheart preservers
  A very ugly thing (Vaults:5)
  8 stone giants
  5 entropy weavers
  6 deep elf demonologists
  Nessos (D:12)
  Azrael (Elf:2)
  4 deep elf annihilators (Elf:3)
  A minotaur (Gauntlet)
  A dire elephant (D:15)
  6 merfolk javelineers
  3 spark wasps
  8 deep elf death magi
  2 ettins
  Snorg (D:10)
  3 deep elf high priests
  A fire dragon (Vaults:4)
  10 yaktaur captains
  9 merfolk impalers
  A rakshasa (Vaults:2)
  9 ogre magi
  5 great orbs of eyes
  8 ice dragons
  6 hydras
  38 vault guards
  A naga warrior (Abyss:2)
  A spectral tengu (Vaults:1)
  2 merfolk avatars
  4 centaur warriors
  4 merfolk aquamancers
  29 two-headed ogres
  8 death scarabs (Spider:4)
  A catoblepas (D:13)
  A satyr (Shoals:4)
  A death knight (Vaults:2)
  2 alligator snapping turtles (Shoals:4)
  3 deep troll shamans
  A vampire mage (Vaults:2)
  2 tengu warriors (D:14)
  5 death yaks
  4 orc high priests (Orc:2)
  12 dancing weapons
  2 deep troll earth magi (Vaults:4)
  Sonja (Lair:4)
  11 deep elf knights
  A fire crab (Lair:6)
  A wretched star (Abyss:2)
  Nergalle (Orc:1)
  8 hell knights
  A sixfirhy (Abyss:2)
  8 sea snakes
  4 spectral humans (Vaults:1)
  6 skeletal warriors
  3 shadow wraiths
  2 flayed ghosts
  14 deep trolls
  16 ironbrand convokers
  8 wizards
  A glowing orange brain (Vaults:3)
  21 deep elf archers
  An anaconda skeleton (Abyss:2)
  5 phantasmal warriors
  24 orc knights
  3 spectral wolf spiders (Spider:4)
  2 obsidian statues
  29 harpies
  3 lindwurms
  4 necromancers
  65 deep elf magi
  13 orb spiders
  2 wolf spider zombies
  7 orc sorcerers
  19 manticores
  A shining eye (shapeshifter) (Vaults:1)
  2 salamanders
  20 wolf spiders
  26 fauns
  A salamander (shapeshifter) (Vaults:3)
  27 ugly things
  5 moths of wrath
  13 large abominations
  A worldbinder (Abyss:2)
  11 cyclopes
  10 vault sentinels
  6 elephants (Lair:6)
  2 centaur zombies
  10 merfolk sirens
  A guardian serpent (Abyss:2)
  3 black mambas
  7 torpor snails
  An apocalypse crab (Abyss:2)
  5 ice statues
  A smoke demon (Abyss:2)
  5 water nymphs
  A water nymph (shapeshifter) (Elf:2)
  17 spiny frogs
  An orange demon (Abyss:2)
  A gargoyle (D:15)
  6 komodo dragons
  A kobold demonologist (D:12)
  10 freezing wraiths
  2 redback zombies (Spider:4)
  A yaktaur (shapeshifter) (Vaults:2)
  4 spectral redbacks (Spider:4)
  8 demonic crawlers
  35 yaktaurs
  2 rime drakes
  An ancient zyme (Abyss:2)
  9 ice devils (IceCv)
  28 jumping spiders
  A harpy zombie (Abyss:2)
  4 wind drakes
  A queen bee (D:14)
  A troll (shapeshifter) (Elf:3)
  10 polar bears
  7 trolls
  39 merfolk
  17 slime creatures
  A wind drake (shapeshifter) (Vaults:3)
  14 hornets
  3 spectral jumping spiders (Spider:4)
  3 meliai (D:14)
  9 snapping turtles
  2 tarantella zombies (Spider:4)
  3 tyrant leeches (Lair:6)
  2 spectral elves (Vaults:1)
  A spectral tarantella (Spider:4)
  Prince Ribbit (D:8)
  3 jumping spider zombies (Spider:4)
  A raiju (shapeshifter) (Elf:3)
  A blink frog (shapeshifter) (Vaults:3)
  7 hippogriffs
  5 raiju
  12 dream sheep
  24 blink frogs
  42 redbacks
  36 tarantellas
  12 water elementals
  3 vampires
  2 air elementals (Elf:1)
  A shadow (D:12)
  44 yaks
  A wraith (D:14)
  9 fire elementals
  3 wyverns
  4 ynoxinuls (Trove)
  2 basilisks (D:11)
  A golden eye (shapeshifter) (Elf:1)
  A hog (shapeshifter) (Vaults:4)
  2 human simulacra
  A steam dragon (D:11)
  A chaos spawn (Abyss:2)
  2 vampire mosquitoes (D:14)
  2 hungry ghosts
  7 wargs
  2 acid dragons
  A naga (Abyss:2)
  16 hell hounds
  A water moccasin (shapeshifter) (Elf:2)
  11 water moccasins
  A floating eye (shapeshifter) (Elf:3)
  3 spectral hornets (Spider:4)
  5 porcupines
  14 black bears
  4 ice beasts
  71 orc warriors
  3 sky beasts
  A swamp drake (shapeshifter) (Elf:3)
  A hornet zombie (D:9)
  An ettin simulacrum (Vaults:1)
  4 eyes of draining
  A phantom (D:8)
  A wolf (shapeshifter) (Vaults:3)
  A tengu (shapeshifter) (Elf:3)
  An ogre (shapeshifter) (Elf:3)
  27 wolves
  44 ogres
  12 centaurs
  A centaur (shapeshifter) (Elf:3)
  11 crocodiles
  4 big kobolds
  A bullfrog (shapeshifter) (Elf:3)
  14 bullfrogs
  A glowing shapeshifter simulacrum (Vaults:1)
  2 wyvern skeletons
  3 earth elementals
  7 scorpions
  3 small abominations (Abyss:2)
  16 killer bees (D:14)
  10 wights
  8 electric eels
  2 howler monkeys (D:9)
  12 crimson imps
  2 draconian simulacra (IceCv)
  A quasit (D:6)
  3 bullfrog zombies
  8 hounds
  6 jellies
  5 centaur skeletons
  35 orc priests
  43 orc wizards
  3 bullfrog skeletons
  A gnoll shaman (D:6)
  Terence (D:3)
  5 iguanas
  2 troll simulacra (IceCv)
  10 worker ants
  2 centaur simulacra (IceCv)
  A hound zombie (D:5)
  4 hound skeletons
  A howler monkey zombie (D:5)
  A worker ant zombie (D:9)
  A gnoll (shapeshifter) (Elf:3)
  15 gnolls
  15 adders
  2 naga simulacra (IceCv)
  2 ogre simulacra (IceCv)
  A hound simulacrum (D:9)
  4 shadow imps
  16 white imps
  A worker ant simulacrum (D:9)
  2 ufetubi
  7 oozes
  An ooze (shapeshifter) (Elf:3)
  An adder zombie (D:6)
  A worm (shapeshifter) (Elf:3)
  5 worms
  2 dart slugs
  4 leopard geckos
  180 orcs
  A giant cockroach (D:2)
  8 goblins
  10 hobgoblins
  21 jackals
  31 kobolds
  A kobold (shapeshifter) (Elf:3)
  3 quokkas
  3 ball pythons
  11 bats
  8 frilled lizards
  2 jackal simulacra (D:9)
  A jackal skeleton (D:5)
  A jackal zombie (D:7)
  A leopard gecko skeleton (D:4)
  7 rats
  A bush (Lair:4)
  5 crawling corpses
  2 fungi
  15 plants
  3 starspawn tentacles (Abyss:2)
2097 creatures vanquished.

Vanquished Creatures (collateral kills)
  A yak (Lair:3)
  A big kobold (D:9)
  A gnoll sergeant (D:9)
3 creatures vanquished.

Vanquished Creatures (others)
  A harpy (Shoals:1)
  A demonic crawler (Spider:1)
  An orc warrior (D:9)
  An orc priest (Orc:2)
  A centaur skeleton (D:5)
  2 orcs
  17 fungi
  23 plants
  3 starspawn tentacles (Abyss:2)
  3 withered plants (Elf:2)
53 creatures vanquished.

Grand Total: 2153 creatures vanquished

Notes
Turn   | Place    | Note
-------+----------+-------------------------------------------
     0 | D:1      | JellyEater the Gargoyle Earth Elementalist began the quest
                  | for the Orb.
     0 | D:1      | Reached XP level 1. HP: 10/10 MP: 3/3
   322 | D:1      | Reached XP level 2. HP: 15/15 MP: 5/5
   851 | D:1      | Reached XP level 3. HP: 14/19 MP: 7/7
   969 | D:1      | Learned a level 3 spell: Stone Arrow
  1685 | D:2      | Found a basalt altar of Yredelemnul.
  1740 | D:2      | Reached skill level 1 in Conjurations
  1740 | D:2      | Reached XP level 4. HP: 20/24 MP: 6/8
  2211 | D:2      | Found a sacrificial altar of Ru.
  2815 | D:3      | Reached skill level 5 in Earth Magic
  2815 | D:3      | Reached XP level 5. HP: 17/28 MP: 0/10
  2822 | D:3      | Learned a level 5 spell: Lee's Rapid Deconstruction
  3021 | D:3      | Noticed Terence
  3027 | D:3      | Killed Terence
  3302 | D:3      | Found an ornate altar of the Wu Jian Council.
  3531 | D:3      | Reached XP level 6. HP: 18/32 MP: 0/11
  3755 | D:3      | Found a bloodstained altar of Trog.
  3772 | D:3      | Found a glowing golden altar of the Shining One.
  3773 | D:3      | Found an iron altar of Okawaru.
  4009 | D:3      | Found a hazy altar of Hepliaklqana.
  4152 | D:4      | Found a staircase to the Ecumenical Temple.
  4162 | Temple   | Entered the Ecumenical Temple
  4281 | D:4      | Reached XP level 7. HP: 36/36 MP: 5/13
  4795 | D:4      | Reached skill level 1 in Armour
  4898 | D:4      | Found a shimmering altar of Xom.
  4918 | D:4      | Reached skill level 1 in Maces & Flails
  4923 | D:4      | Reached skill level 1 in Fighting
  5099 | D:4      | Reached XP level 8. HP: 42/43 MP: 13/15
  5277 | D:5      | Entered Level 5 of the Dungeon
  5403 | D:5      | Reached skill level 5 in Spellcasting
  5734 | D:5      | Reached skill level 5 in Conjurations
  6290 | D:5      | Found a burning altar of Makhleb.
  7087 | D:6      | Reached XP level 9. HP: 36/49 MP: 1/17
  7521 | D:6      | Found a blossoming altar of Fedhas.
  7521 | D:6      | Found a shadowy altar of Dithmenos.
  7997 | D:6      | Found a radiant altar of Vehumet.
  8014 | D:6      | Became a worshipper of Vehumet
  8426 | D:7      | Found an ancient bone altar of Kikubaaqudgha.
  8554 | D:7      | Reached * piety under Vehumet
  8554 | D:7      | Offered knowledge of Sting by Vehumet.
  8776 | D:7      | Found a glowing silver altar of Zin.
  9000 | D:7      | Found a sparkling altar of Nemelex Xobeh.
  9179 | D:8      | Noticed Gastronok
  9224 | D:8      | Killed Gastronok
  9224 | D:8      | Reached skill level 5 in Fighting
  9224 | D:8      | Reached skill level 5 in Armour
  9224 | D:8      | Reached XP level 10. HP: 59/59 MP: 0/19
  9949 | D:8      | Noticed a two-headed ogre
  9956 | D:8      | Killed a two-headed ogre
  9956 | D:8      | Reached skill level 5 in Maces & Flails
 10001 | D:8      | Reached skill level 1 in Evocations
 10011 | D:8      | Reached ** piety under Vehumet
 10031 | D:8      | Offered knowledge of Searing Ray by Vehumet.
 10052 | D:8      | Noticed Prince Ribbit
 10062 | D:8      | Killed Prince Ribbit
 10310 | D:8      | Found an opulent altar of Gozag.
 10613 | D:9      | Reached XP level 11. HP: 57/64 MP: 16/21
 10919 | D:9      | Offered knowledge of Mephitic Cloud by Vehumet.
 10961 | D:9      | Reached skill level 5 in Dodging
 11310 | D:9      | Found a stormy altar of Qazlal.
 11439 | D:9      | Reached *** piety under Vehumet
 11649 | D:9      | Found a staircase to the Orcish Mines.
 11675 | D:9      | Offered knowledge of Force Lance by Vehumet.
 11817 | D:10     | Entered Level 10 of the Dungeon
 11819 | D:10     | Noticed Snorg
 11854 | D:9      | Learned a level 3 spell: Mephitic Cloud
 12106 | D:10     | Killed Snorg
 13006 | D:11     | Found a portal to a secret trove of treasure.
 13397 | D:11     | Reached skill level 10 in Earth Magic
 13610 | D:11     | Reached **** piety under Vehumet
 13622 | D:11     | Got a translucent long sword
 13623 | D:11     | Identified the +8 long sword "Uwuehol" {freeze, *Rage MR+
                  | Str+2 SInv} (You found it on level 11 of the Dungeon)
 13840 | D:11     | Offered knowledge of Yara's Violent Unravelling by Vehumet.
 13848 | D:11     | Reached XP level 12. HP: 44/71 MP: 2/23
 14010 | D:11     | Found a staircase to the Lair.
 14709 | D:12     | Noticed Nessos
 15386 | D:12     | Killed Nessos
 15415 | D:12     | Gained mutation: Your spells are a little easier to cast,
                  | but a little less powerful. [potion of mutation]
 15415 | D:12     | Lost mutation: Your spells are a little easier to cast, but
                  | a little less powerful. [potion of mutation]
 15415 | D:12     | Gained mutation: Scrolls take you a little longer to read.
                  | [potion of mutation]
 15415 | D:12     | Gained mutation: You are resistant to hostile enchantments.
                  | (MR+) [potion of mutation]
 15591 | D:12     | Reached ***** piety under Vehumet
 15594 | D:12     | Found a sacrificial altar of Ru.
 15670 | D:12     | Offered knowledge of Irradiate by Vehumet.
 15790 | D:12     | Learned a level 5 spell: Irradiate
 15919 | D:12     | Noticed a two-headed ogre
 15923 | D:12     | Killed a two-headed ogre
 15923 | D:12     | Reached XP level 13. HP: 78/78 MP: 20/25
 15936 | D:12     | Found Lapounlu's Distillery.
 15944 | D:12     | Bought a potion of mutation for 96 gold pieces
 15944 | D:12     | Bought a potion of mutation for 96 gold pieces
 15944 | D:12     | Bought a potion of magic for 96 gold pieces
 15944 | D:12     | Bought a potion of heal wounds for 60 gold pieces
 15944 | D:12     | Bought a potion of invisibility for 96 gold pieces
 15944 | D:12     | Bought a potion of curing for 36 gold pieces
 15944 | D:12     | Bought a potion of curing for 36 gold pieces
 15944 | D:12     | Bought a potion of haste for 120 gold pieces
 15944 | D:12     | Lost mutation: Scrolls take you a little longer to read.
                  | [potion of mutation]
 15944 | D:12     | Lost mutation: You are resistant to hostile enchantments.
                  | (MR+) [potion of mutation]
 15944 | D:12     | Gained mutation: Your spells are a little harder to cast,
                  | but a little more powerful. [potion of mutation]
 15944 | D:12     | Gained mutation: You evolve. [potion of mutation]
 15944 | D:12     | Gained mutation: You possess an exceptional clarity of
                  | mind. [potion of mutation]
 16097 | D:13     | Reached skill level 5 in Evocations
 17470 | D:14     | Found a gate to the Vaults.
 17496 | D:14     | Noticed a yaktaur captain
 17517 | D:14     | Killed a yaktaur captain
 17520 | D:14     | Gained mutation: You have sharp toenails. [evolution]
 17976 | D:14     | Reached skill level 10 in Conjurations
 18452 | D:14     | Gained mutation: Your large and strong wings let you fly
                  | indefinitely. [Gargoyle growth]
 18452 | D:14     | Reached XP level 14. HP: 45/86 MP: 24/27
 18646 | D:15     | Entered Level 15 of the Dungeon
 18731 | D:15     | Offered knowledge of Sticky Flame by Vehumet.
 19571 | D:15     | Gained mutation: You are robust. (+10% HP) [evolution]
 19621 | D:15     | Found a staircase to the Depths.
 19621 | D:15     | Noticed a dire elephant
 19670 | D:15     | Killed a dire elephant
 19867 | D:15     | Noticed an emperor scorpion
 19986 | D:15     | Killed an emperor scorpion
 20479 | Lair:1   | Entered Level 1 of the Lair of Beasts
 21957 | Lair:2   | Reached skill level 10 in Fighting
 22031 | Lair:2   | Found a staircase to the Shoals.
 23055 | Lair:3   | Found a sacrificial altar of Ru.
 23376 | D:11     | You paid a toll of 16 potions of curing to enter a treasure
                  | trove
 23377 | Trove    | Entered a treasure trove
 23591 | Trove    | Got a fine great mace
 23649 | Trove    | Identified the +1 great mace "Xavun" {crush, rF+} (You
                  | found it in a treasure trove)
 23877 | Lair:3   | Learned a level 6 spell: Bolt of Fire
 24236 | Lair:4   | Reached skill level 1 in Fire Magic
 24237 | Lair:4   | Offered knowledge of Iskenderun's Battlesphere by Vehumet.
 24281 | Lair:4   | Reached skill level 2 in Fire Magic
 24341 | Lair:4   | Found a frozen archway.
 24350 | Lair:4   | Reached skill level 3 in Fire Magic
 24372 | IceCv    | Entered an ice cave
 24582 | IceCv    | Reached skill level 4 in Fire Magic
 25039 | IceCv    | Reached skill level 5 in Fire Magic
 25490 | Lair:4   | Noticed Sonja
 25492 | Lair:4   | Killed Sonja
 25492 | Lair:4   | Reached skill level 6 in Fire Magic
 25522 | Lair:4   | Reached XP level 15. HP: 62/101 MP: 4/28
 25670 | Lair:4   | Reached skill level 7 in Fire Magic
 25680 | Lair:4   | Offered knowledge of Venom Bolt by Vehumet.
 25700 | Lair:4   | Found a hole to the Spider Nest.
 25997 | Lair:4   | Reached skill level 8 in Fire Magic
 26255 | Lair:5   | Found a gate leading to a gauntlet.
 26281 | Gauntlet | Entered a Gauntlet
 26281 | Gauntlet | Found a transporter.
 26281 | Gauntlet | Found a transporter.
 26281 | Gauntlet | Found a transporter.
 26294 | Gauntlet | Found a transporter.
 26296 | Gauntlet | Found a transporter.
 26304 | Gauntlet | Found a transporter.
 26307 | Gauntlet | Found a transporter.
 26315 | Gauntlet | Found a transporter.
 26334 | Gauntlet | Noticed a cacodemon
 26335 | Gauntlet | Found a transporter.
 26353 | Gauntlet | Found a transporter.
 26357 | Gauntlet | Found a transporter.
 26367 | Gauntlet | Found a transporter.
 26635 | Gauntlet | Got a jewelled long sword
 26636 | Gauntlet | Identified the +4 long sword "Giantslayer" {pain, rC+ rN+}
                  | (You found it in a Gauntlet)
 26745 | Gauntlet | Identified the +5 morningstar of Expedience {drain, Fragile
                  | rC++}
 26745 | Gauntlet | Identified the +2 chain mail "Moshi" {MR+ Dex-5 Slay+2}
 26750 | Gauntlet | Reached skill level 10 in Spellcasting
 26777 | Gauntlet | Got a wavering iron ring
 26949 | Gauntlet | Identified the Almanac of the Oath
 26951 | Gauntlet | Got a pitted short sword
 26952 | Gauntlet | Identified the +5 short sword of Uncertain Death {holy,
                  | rElec rPois rC+} (You found it in a Gauntlet)
 27026 | Lair:5   | Identified the ring of Elyvilon's Outrage {+Blink +Fly rF-
                  | MR+ Str+4} (You found it in a Gauntlet)
 27094 | Lair:5   | Found a staircase to the Slime Pits.
 27094 | Lair:5   | Found a viscous altar of Jiyva.
 27694 | Lair:6   | Entered Level 6 of the Lair of Beasts
 27787 | Lair:6   | Reached skill level 9 in Fire Magic
 28457 | Lair:6   | Reached skill level 10 in Fire Magic
 28850 | Lair:6   | Found a runed translucent door.
 29292 | Lair:6   | Reached ****** piety under Vehumet
 29292 | Lair:6   | Offered knowledge of Iron Shot by Vehumet.
 29294 | Lair:6   | Reached skill level 11 in Fire Magic
 29644 | Lair:6   | Reached XP level 16. HP: 106/106 MP: 23/31
 30086 | Lair:6   | Lost mutation: You are robust. (+10% HP) [evolution]
 30133 | Lair:6   | Learned a level 6 spell: Iron Shot
 30525 | Orc:1    | Entered Level 1 of the Orcish Mines
 30526 | Orc:1    | Noticed Nergalle
 30531 | Orc:1    | Killed Nergalle
 30834 | Orc:1    | Offered knowledge of Ozocubu's Refrigeration by Vehumet.
 31447 | Orc:2    | Entered Level 2 of the Orcish Mines
 31530 | Orc:1    | Learned a level 8 spell: Ignition
 31596 | Orc:2    | Reached skill level 12 in Fire Magic
 32050 | Orc:2    | Found Kuado's General Store.
 32063 | Orc:2    | Bought a potion of experience for 750 gold pieces
 32063 | Orc:2    | Reached skill level 13 in Fire Magic
 32063 | Orc:2    | Reached XP level 17. HP: 100/102 MP: 18/32
 32131 | Orc:2    | Found Atiranosty's Book Shoppe.
 32225 | Orc:2    | Found a roughly hewn altar of Beogh.
 32908 | Orc:2    | Found a staircase to the Elven Halls.
 33046 | Orc:2    | Found a roughly hewn altar of Beogh.
 33091 | Orc:2    | Offered knowledge of Conjure Ball Lightning by Vehumet.
 33142 | Orc:2    | Found Imeich's Assorted Antiques.
 33170 | Orc:2    | Bought a scroll of teleportation for 90 gold pieces
 33170 | Orc:2    | Bought a potion of heal wounds for 150 gold pieces
 33196 | Orc:2    | Found Kuam's Distillery.
 33230 | Orc:2    | Bought a potion of mutation for 136 gold pieces
 33230 | Orc:2    | Bought a potion of haste for 170 gold pieces
 33230 | Orc:2    | Bought a potion of magic for 136 gold pieces
 33230 | Orc:2    | Bought a potion of berserk rage for 85 gold pieces
 33230 | Orc:2    | Bought a potion of heal wounds for 85 gold pieces
 33230 | Orc:2    | Bought a potion of agility for 68 gold pieces
 33230 | Orc:2    | Bought a potion of heal wounds for 85 gold pieces
 33230 | Orc:2    | Bought a potion of curing for 51 gold pieces
 33230 | Orc:2    | Bought 2 potions of heal wounds for 170 gold pieces
 33230 | Orc:2    | Bought a potion of invisibility for 136 gold pieces
 33230 | Orc:2    | Bought a potion of magic for 136 gold pieces
 33558 | Elf:1    | Entered Level 1 of the Elven Halls
 33748 | Elf:1    | Gained mutation: Your body sometimes deteriorates upon
                  | taking damage. [a neqoxec]
 33922 | Elf:1    | Identified Ycecy's Incunabulum of Conjuration and
                  | Companions
 34051 | Elf:1    | Found Masygg's Assorted Antiques.
 34086 | Elf:1    | Bought a potion of curing for 105 gold pieces
 34086 | Elf:1    | Bought a potion of brilliance for 140 gold pieces
 34086 | Elf:1    | Bought 2 potions of curing for 210 gold pieces
 35047 | Elf:2    | Noticed Azrael
 35143 | Elf:2    | Killed Azrael
 35251 | Elf:2    | Found Vubbayb's Assorted Antiques.
 35317 | Elf:2    | Found a huge runed translucent gate.
 35317 | Elf:2    | Found a huge runed translucent gate.
 35318 | Elf:2    | Found a huge runed translucent gate.
 35319 | Elf:2    | Found a huge runed translucent gate.
 35325 | Elf:2    | Found a huge runed translucent gate.
 35414 | Elf:2    | Reached XP level 18. HP: 108/108 MP: 27/34
 35462 | Elf:2    | Reached skill level 10 in Maces & Flails
 35684 | Elf:2    | Reached skill level 1 in Shields
 35725 | Elf:2    | Offered knowledge of Fire Storm by Vehumet.
 35725 | Elf:2    | Offered knowledge of Glaciate by Vehumet.
 35725 | Elf:2    | Offered knowledge of Shatter by Vehumet.
 35997 | Elf:2    | Found a runed translucent gate.
 35997 | Elf:2    | Found a runed translucent gate.
 35997 | Elf:2    | Noticed Aprye's ghost (adept HOFi)
 35998 | Elf:2    | Found a runed translucent gate.
 35998 | Elf:2    | Noticed Qiq Oki's ghost (veteran GrFi)
 35998 | Elf:2    | Noticed Xucib's ghost (veteran GrFi)
 36090 | Elf:2    | Reached skill level 14 in Fire Magic
 36313 | Elf:3    | Entered Level 3 of the Elven Halls
 37014 | Elf:3    | Gained mutation: You are partially covered in slimy green
                  | scales. (AC +2) [evolution]
 37043 | Elf:3    | Found a runed translucent gate.
 37043 | Elf:3    | Found a runed translucent gate.
 37043 | Elf:3    | Found a runed translucent gate.
 37044 | Elf:3    | Noticed a tentacled monstrosity
 37306 | Elf:3    | Killed a tentacled monstrosity
 37308 | Elf:3    | Noticed a tentacled monstrosity
 37309 | Elf:3    | Found a runed translucent gate.
 37309 | Elf:3    | Found a runed translucent gate.
 37316 | Elf:3    | Killed a tentacled monstrosity
 37405 | Elf:3    | Found a runed translucent gate.
 37411 | Elf:3    | Noticed Titud's ghost (adept SpEn)
 37430 | Elf:3    | Killed Titud's ghost
 37442 | Elf:3    | Got a pair of ancient gloves
 37446 | Elf:3    | Learned a level 1 spell: Apportation
 37455 | Elf:3    | Identified the cursed -5 pair of gloves "Iteadyke" {rN+
                  | rCorr} (You found it on level 3 of the Elven Halls)
 37846 | Elf:3    | Identified the ring "Minoxt" {Fire *Slow MR+ Dex+2 Slay+2}
 38303 | Elf:3    | Noticed an Ice Fiend
 38568 | Elf:3    | Identified the cursed +0 scimitar "Ritateov" {pain, *Rage
                  | +Rage rN+ Str+2}
 38568 | Elf:3    | Identified the cursed ring "Cypuquu" {rC+ MR+ Dex-3 Slay-4}
 38579 | Elf:3    | Noticed a deep elf master archer
 38582 | Elf:3    | Killed a deep elf master archer
 38582 | Elf:3    | Reached XP level 19. HP: 115/115 MP: 8/35
 39260 | Elf:3    | Reached skill level 15 in Fire Magic
 39443 | Elf:3    | Found the amulet of the Air {Inacc +Fly rElec EV+5 RMsl}
 40996 | Shoals:1 | Entered Level 1 of the Shoals
 41200 | Shoals:1 | Found Ykedetesk's Antique Armour Shoppe.
 42080 | Shoals:2 | Noticed Louise
 42304 | Shoals:2 | Found a flickering gateway to a bazaar.
 42326 | Bazaar   | Entered a bazaar
 42326 | Bazaar   | Found Yshrafeiw's General Store.
 42338 | Bazaar   | Found Puzerch's Antique Armour Shop.
 42365 | Bazaar   | Found Xegremir's Antique Weapon Shop.
 42413 | Bazaar   | Bought a scroll of identify for 30 gold pieces
 42413 | Bazaar   | Bought a ration for 75 gold pieces
 42413 | Bazaar   | Bought a ration for 75 gold pieces
 42685 | Shoals:2 | Cast into level 2 of the Abyss (Louise)
 42877 | Abyss:2  | Gained mutation: You are dopey. (Int -2) [a cacodemon]
 43284 | Shoals:2 | Escaped the Abyss
 43293 | Shoals:2 | Killed Louise
 43428 | Shoals:2 | Reached skill level 10 in Dodging
 43965 | Shoals:3 | Reached XP level 20. HP: 123/123 MP: 28/37
 44228 | Shoals:3 | Found a runed translucent gate.
 44228 | Shoals:3 | Found a runed translucent gate.
 44228 | Shoals:3 | Found a runed translucent gate.
 44230 | Shoals:3 | Found an opulent altar of Gozag.
 44230 | Shoals:3 | Found Cipt's Assorted Antiques.
 44232 | Shoals:3 | Noticed Datufiju's ghost (journeyman DDFi)
 44262 | Shoals:3 | Killed Datufiju's ghost
 45070 | Shoals:4 | Entered Level 4 of the Shoals
 45272 | Shoals:4 | Reached skill level 16 in Fire Magic
 45766 | Shoals:4 | Lost mutation: You evolve. [evolution]
 45825 | Shoals:4 | Got a scorched steel ring
 45896 | Shoals:4 | Identified the ring "Syz Ogru" {rElec rF+ Str+4} (You found
                  | it on level 4 of the Shoals)
 46026 | Shoals:4 | Noticed Ilsuiw
 46036 | Shoals:4 | Killed Ilsuiw
 46276 | Shoals:4 | Reached skill level 15 in Earth Magic
 46301 | Shoals:4 | Got a barnacled rune of Zot
 47205 | Spider:1 | Entered Level 1 of the Spider Nest
 47824 | Spider:2 | Noticed Aizul
 47838 | Spider:2 | Killed Aizul
 49153 | Spider:2 | Reached XP level 21. HP: 93/129 MP: 26/38
 49340 | Spider:3 | Noticed Arachne
 49347 | Spider:3 | Killed Arachne
 49923 | Spider:4 | Entered Level 4 of the Spider Nest
 50920 | Spider:4 | Reached skill level 17 in Fire Magic
 51475 | Spider:4 | Got a gossamer rune of Zot
 51846 | Vaults:1 | Entered Level 1 of the Vaults
 52113 | Vaults:1 | Gained mutation: Scrolls take you a little longer to read.
                  | [a shining eye]
 52115 | Vaults:1 | Gained mutation: You have very sharp teeth. [a shining eye]
 52827 | Vaults:1 | Reached XP level 22. HP: 135/136 MP: 20/40
 53128 | Vaults:1 | Found a runed translucent gate.
 53128 | Vaults:1 | Found a runed translucent gate.
 53128 | Vaults:1 | Found a runed translucent gate.
 53131 | Vaults:1 | Noticed JellyEater's ghost (adept GrEE)
 53145 | Vaults:1 | Killed JellyEater's ghost
 53151 | Vaults:1 | Got a translucent hat
 53162 | Vaults:1 | Identified the +1 hat of Freedom {rF+} (You found it on
                  | level 1 of the Vaults)
 54021 | Vaults:2 | Found Xusm's Gadget Boutique.
 54198 | Vaults:2 | Found an ornate altar of the Wu Jian Council.
 54396 | Vaults:2 | Reached skill level 18 in Fire Magic
 54545 | Vaults:2 | Found a staircase to the Crypt.
 55326 | Vaults:2 | Paralysed by an ogre mage for 3 turns
 55659 | Vaults:3 | Reached XP level 23. HP: 122/143 MP: 17/41
 55670 | Vaults:3 | Reached skill level 15 in Conjurations
 57288 | Vaults:4 | Noticed Mara
 57297 | Vaults:4 | Noticed JellyEater's illusion
 57410 | Vaults:4 | Noticed JellyEater's illusion
 57554 | Vaults:4 | Noticed JellyEater's illusion
 57555 | Vaults:4 | Killed Mara
 57777 | Vaults:4 | Noticed Margery
 57779 | Vaults:4 | Reached skill level 19 in Fire Magic
 57785 | Vaults:4 | Reached skill level 15 in Fighting
 57796 | Vaults:4 | Killed Margery
 57817 | Vaults:4 | Reached skill level 15 in Spellcasting
 57951 | Vaults:4 | Paralysed by a great orb of eyes for 2 turns
 58036 | Vaults:4 | Reached XP level 24. HP: 119/150 MP: 15/42
 58488 | Vaults:4 | Noticed Donald
 58497 | Vaults:4 | Killed Donald
 58511 | Vaults:4 | Found Xosefuf's Weapon Shop.
 58883 | Vaults:4 | Learned a level 9 spell: Shatter
 58946 | Vaults:5 | Entered Level 5 of the Vaults
 59429 | Vaults:5 | Noticed an ancient lich
 59432 | Vaults:5 | Killed an ancient lich
 59597 | Vaults:5 | Reached skill level 20 in Fire Magic
 59598 | Vaults:5 | HP: 7/152 [deep elf death mage/bolt of negative energy
                  | (21)]
 59598 | Vaults:5 | Killed from afar by a storm dragon

Levels and vault maps discovered:
D:1:      dpeg_arrival_round_c, layout_basic
D:2:      layout_loops_ring, old_standard_altar, yredelemnul_altar_generic,
          first_ration, chequers_serial_rivers_micro_a
D:3:      layout_basic, minitemple, nicolae_overflow_crystal_walls,
          nicolae_overflow_hidden_temple, kennysheep_generic_room_4,
          uniq_terence
D:4:      layout_rooms, minmay_temple_entry_arrows, led_xom_imps
D:5:      kennysheep_kobold_camp, layout_loops_ring, makhleb_grotto_becter,
          serial_park_tiny_2
D:6:      layout_rooms, fiery_altar_vehumet, gammafunk_temple_overflow_wave,
          minmay_misc_feat_enclosed
D:7:      layout_rooms, kennysheep_mini_moat, kennysheep_mini, basic_altar
D:8:      kennysheep_ambush_hall, layout_cave_pods, lemuel_doored_altar,
          uniq_prince_ribbit1, uniq_gastronok
D:9:      layout_cave_pools, marbit_many_paths,
          kennysheep_orc_monster_closet_entryway, serial_ice, serial_ice_i,
          serial_ice_a, serial_ice_g, serial_ice_c, serial_ice_h, serial_ice_n,
          hangedman_little_slice_of_home, hex_large
D:10:     layout_loops_ring, chequers_serial_rivers_room_b, uniq_snorg
D:11:     layout_basic, erik_lair_dragon, enter_trove_1, disabler_island
D:12:     layout_long_grid, serial_shops, shop, basic_altar, uniq_nessos
D:13:     layout_big_octagon, serial_co_window_serial, co_window_paths_b,
          co_window_corner_a, co_window_paths_b, co_window_corner_a,
          co_window_corner_a, co_window_corner_a, co_window_paths_b,
          co_window_unsneaky_path_e, co_window_2corner,
          co_window_unsneaky_path_b, co_window_broadway_b, co_window_paths_e,
          glass_columns_a, glass_columns_a, glass_columns_a
D:14:     layout_roguey, david_vaults_2, serial_park_tiny_pond, special_room
          [special_room_bee]
D:15:     hangedman_depths_entry_try_elsewhere_first, layout_basic,
          minivault_25, kennysheep_doodads
Temple:   corrupted_temple
Lair:1:   layout_regular_city, grunt_megastairs_1, lemuel_fruit_fields
Lair:2:   layout_layer_cave, elwin_shoals_entry_rooms, minmay_holes
Lair:3:   layout_cave_pods, basic_altar, chequers_serial_rivers_small_3
Lair:4:   layout_roguey, spider_nest_entry_web_field,
          portal_ice_cave_entry_imps, serial_bayou_shore_b, grunt_megastairs_3,
          uniq_sonja
Lair:5:   layout_loops_ring, slime_altar_1, gauntlet_entry_generic,
          infiniplex_staircase_pool
Lair:6:   hangedman_lair_caniforms_friends, layout_cave_shapes, wormcave
Shoals:1: layout_shoals, serial_shops, shop
Shoals:2: layout_shoals, serial_shops, bzr_entry_gold, uniq_louise
Shoals:3: layout_shoals, ebering_ghost_gozag
Shoals:4: shoals_end_grunt_ice, layout_shoals, shoals_ilsuiw_alternative
Spider:1: layout_spider_delve
Spider:2: layout_spider_delve, nicolae_spider_webs_and_nodes, uniq_aizul
Spider:3: layout_spider_delve, uniq_arachne
Spider:4: floodkiller_spider_rune_tomb
Orc:1:    cheibrodos_orc_arena, layout_caves, nicolae_orc_lava_room,
          uniq_nergalle
Orc:2:    pubby_orc_utopia
Elf:1:    eino_elf_arrival_sip, layout_loops_corners, serial_shops, shop,
          minmay_elf_sorcery
Elf:2:    layout_gridlike, gammafunk_ghost_cemetery, serial_shops,
          nicolae_shop_window_shopping, uniq_azrael
Elf:3:    minmay_elf_hall_statues, layout_geoelf_diagonals,
          ploomutoo_gammafunk_ghost_potion_laboratory
Vaults:1: gammafunk_vaults_ghost_necromancy, hangedman_vaults_unwind,
          v_alt_pattern_1, v_misc_31, nicolae_vaults_an_arrangement, v_misc_17,
          nicolae_vaults_shelves_hall, ontoclasm_vaults_chip,
          layout_vaults_quadrants
Vaults:2: grunt_vaults_hallway_short, hangedman_vaults_river_flow,
          minmay_crypt_entry_simple_plaza, hangedman_vaults_stretched_pinwheel,
          nicolae_vaults_network_s, hangedman_vaults_nails,
          vaults_dpeg_diagonal, vaults_mumra_chevron,
          ontoclasm_vaults_decontamination, nicolae_vaults_border_crossing,
          hangedman_vaults_impose, v_misc_2, nicolae_vaults_ring_of_whatevers,
          nicolae_vaults_big_ls, ontoclasm_vaults_ring_large,
          layout_vaults_ring, basic_altar, serial_shops, shop_fountains
Vaults:3: vaults_room_semicircle, grunt_vaults_bifocal,
          nicolae_vaults_big_angled_halls, nicolae_vaults_network_quincunx
          [nicolae_vaults_network_quincunx_subvault,
          nicolae_vaults_network_quincunx_subvault,
          nicolae_vaults_network_quincunx_subvault,
          nicolae_vaults_network_quincunx_subvault,
          nicolae_vaults_network_quincunx_subvault], v_misc_4,
          grunt_vaults_swirl, grunt_vaults_focal, vaults_mumra_hex,
          layout_vaults_chaotic_city
Vaults:4: vaults_room_large_hall, hangedman_vaults_capsules,
          ontoclasm_vaults_gallery, vaults_mumra_minichess_inversion, v_misc_5,
          vaults_room_door_ring, vaults_room_stairs_pillars, v_rooms_3,
          v_alt_pattern_3, v_misc_12, grunt_vaults_twisty,
          ontoclasm_vaults_idyll, layout_vaults_maze_bifur, serial_shops,
          nicolae_shop_behind_doors, uniq_donald, uniq_margery, uniq_mara
Vaults:5

Skill      XL: |  1  2  3  4  5  6  7  8  9 10 11 12 13 14 15 16 17 18 19 20 21 22 23 24 |
---------------+-------------------------------------------------------------------------+-----
Earth Magic    | 4 5 6 7 8 9 10 11 12 13 14 15 16 17 | 17.9
Spellcasting   | 3 4 5 6 7 8 9 11 12 13 14 15 | 15.5
Conjurations   | 1 2 3 4 5 6 7 8 9 10 11 12 13 14 15 16 | 16.0
Armour         | 1 3 5 6 7 |  7.0
Maces & Flails | 1 2 4 5 6 7 8 9 10 11 12 13 14 | 14.0
Fighting       | 1 2 5 6 8 9 10 11 12 13 14 15 | 15.8
Dodging        | 2 4 5 6 7 8 9 10 11 12 | 12.7
Evocations     | 1 3 4 6 |  6.0
Fire Magic     | 6 11 13 14 15 16 17 18 19 20 | 20.0
Shields        | 4 |  4.0
Stealth        | |  2.1
Transmutations | |  0.7

Action                   |  1- 3 |  4- 6 |  7- 9 | 10-12 | 13-15 | 16-18 | 19-21 | 22-24 || total
-------------------------+-------+-------+-------+-------+-------+-------+-------+-------++-------
Melee: Whip              |   132 |   251 |   869 |    26 |       |       |       |       ||  1278
       Mace              |       |       |       |   232 |       |       |       |       ||   232
       Morningstar       |       |       |       |    51 |   341 |       |       |       ||   392
       Eveningstar       |       |       |       |       |   488 |   391 |   799 |   559 ||  2237
       Bite              |       |       |       |       |       |       |    12 |    70 ||    82
Throw: Dart              |       |       |     9 |     7 |       |       |       |       ||    16
       Stone             |       |       |       |       |       |     1 |       |       ||     1
 Cast: Sandblast         |    18 |    57 |   132 |   208 |   163 |    13 |     2 |     6 ||   599
       Lee's Rapid Decon |       |     2 |    19 |    53 |    87 |    78 |    45 |    25 ||   309
       Stone Arrow       |       |     2 |     7 |    20 |    65 |     4 |       |       ||    98
       Mephitic Cloud    |       |       |       |     2 |    13 |       |       |       ||    15
       Bolt of Fire      |       |       |       |       |    66 |    43 |    71 |    19 ||   199
       Irradiate         |       |       |       |       |     3 |     7 |       |       ||    10
       Iron Shot         |       |       |       |       |       |   100 |   133 |    53 ||   286
       Ignition          |       |       |       |       |       |    17 |    98 |    75 ||   190
       Apportation       |       |       |       |       |       |     2 |       |       ||     2
       Shatter           |       |       |       |       |       |       |       |    17 ||    17
 Abil: Fly               |       |       |       |       |     1 |       |       |       ||     1
Evoke: Wand              |       |       |       |    12 |    20 |     9 |     9 |       ||    50
       Box of beasts     |       |       |       |       |       |       |     1 |       ||     1
  Use: Scroll            |     4 |     7 |     7 |     8 |    21 |     3 |    16 |     1 ||    67
       Potion            |       |     2 |       |     4 |     5 |     2 |     1 |     7 ||    21
 Stab: Sleeping          |     3 |     2 |       |     1 |     3 |     1 |     2 |       ||    12
       Invisible         |       |     3 |       |       |       |       |       |       ||     3
       Distracted        |       |     1 |       |       |       |       |       |       ||     1
       Confused          |       |       |       |       |     3 |       |       |       ||     3
  Eat: Chunk             |     3 |    10 |    20 |    25 |    44 |    58 |   143 |    65 ||   368
       Ration            |       |       |     1 |     3 |    11 |     7 |     1 |     4 ||    27
Armor: Robe              |    67 |   111 |   232 |    99 |    19 |       |       |       ||   528
       Troll leather arm |       |       |       |   136 |   593 |   295 |   649 |   343 ||  2016
Dodge: Dodged            |   101 |   236 |   361 |   307 |   770 |   413 |   807 |   401 ||  3396
Block: Other             |       |       |       |       |    70 |    80 |       |       ||   150
       Reflection        |       |       |       |       |       |     8 |     4 |       ||    12
       Buckler           |       |       |       |       |       |       |   436 |   225 ||   661

Table legend:
 A = Non-vault XP
 B = Vault XP
 C = Vault XP percentage of total XP
 D = Non-vault monster count
 E = Vault monster count
 F = Vault count percentage of total count
                 A         B        C        D         E       F
            +---------+---------+-------+---------+---------+-------
      Total |  449577 |  431135 |  49.0 |    1271 |     807 |  38.8
            +---------+---------+-------+---------+---------+-------
        D:1 |      43 |       0 |   0.0 |      27 |       0 |   0.0
        D:2 |      89 |       0 |   0.0 |      33 |       0 |   0.0
        D:3 |     290 |      41 |  12.4 |      34 |       3 |   8.1
        D:4 |     648 |     146 |  18.4 |      48 |       3 |   5.9
        D:5 |     666 |     179 |  21.2 |      14 |      22 |  61.1
        D:6 |    1414 |       0 |   0.0 |      39 |       0 |   0.0
        D:7 |     898 |       0 |   0.0 |      28 |       0 |   0.0
        D:8 |    1887 |    2868 |  60.3 |      26 |      10 |  27.8
        D:9 |    1868 |    2542 |  57.6 |      31 |      41 |  56.9
       D:10 |     402 |    1117 |  73.5 |       9 |       1 |  10.0
       D:11 |    3352 |    1800 |  34.9 |      27 |      10 |  27.0
       D:12 |   10629 |    1306 |  10.9 |      49 |       1 |   2.0
       D:13 |    7859 |       0 |   0.0 |      27 |       0 |   0.0
       D:14 |   11249 |    3950 |  26.0 |      33 |      23 |  41.1
       D:15 |    5682 |    4510 |  44.3 |      24 |       4 |  14.3
     Lair:1 |    4553 |     107 |   2.3 |      21 |       1 |   4.5
     Lair:2 |    3144 |    1053 |  25.1 |      14 |       3 |  17.6
     Lair:3 |    1658 |       0 |   0.0 |       9 |       0 |   0.0
     Lair:4 |   10829 |    1095 |   9.2 |      32 |      14 |  30.4
     Lair:5 |    4101 |     166 |   3.9 |      13 |       1 |   7.1
     Lair:6 |   14698 |   16940 |  53.5 |      40 |      72 |  64.3
   Shoals:1 |   20942 |       0 |   0.0 |      39 |       0 |   0.0
   Shoals:2 |   18129 |    1667 |   8.4 |      41 |       1 |   2.4
   Shoals:3 |    9802 |    5629 |  36.5 |      19 |       8 |  29.6
   Shoals:4 |   16765 |   26078 |  60.9 |      34 |      40 |  54.1
   Spider:1 |    8568 |       0 |   0.0 |      23 |       0 |   0.0
   Spider:2 |   23997 |    1654 |   6.4 |      66 |       1 |   1.5
   Spider:3 |    7634 |    3367 |  30.6 |      24 |       1 |   4.0
   Spider:4 |    6339 |   38762 |  85.9 |      11 |      71 |  86.6
      Orc:1 |     866 |    2639 |  75.3 |      19 |      17 |  47.2
      Orc:2 |       0 |   23157 | 100.0 |       0 |     146 | 100.0
      Elf:1 |   12786 |    8793 |  40.7 |      26 |      16 |  38.1
      Elf:2 |   16301 |    5429 |  25.0 |      27 |       8 |  22.9
      Elf:3 |   15646 |   63299 |  80.2 |      26 |      54 |  67.5
   Vaults:1 |   32676 |   32071 |  49.5 |      68 |      35 |  34.0
   Vaults:2 |   50585 |   38500 |  43.2 |      81 |      49 |  37.7
   Vaults:3 |   45000 |   20927 |  31.7 |      73 |      21 |  22.3
   Vaults:4 |   37906 |   47879 |  55.8 |      51 |      47 |  48.0
   Vaults:5 |   22073 |   63402 |  74.2 |      34 |      47 |  58.0
    Abyss:2 |   17603 |       0 |   0.0 |      31 |       0 |   0.0
      Trove |       0 |     843 | 100.0 |       0 |       4 | 100.0
      IceCv |       0 |    5732 | 100.0 |       0 |      24 | 100.0
   Gauntlet |       0 |    3487 | 100.0 |       0 |       8 | 100.0
            +---------+---------+-------+---------+---------+-------
